Map: Romanticide LE

Players

RiSky - Winner!

  • Race: Zerg Zerg
  • Spawn Location: 5:00

TeebuL

  • Race: Protoss Protoss
  • Spawn Location: 11:00

Event: DreamHack SC2 Masters 2020 Winter

VOD

Have the link to the VOD?

Description

Time

  • Played on: Oct. 16, 2020, 3:22 a.m.
  • Length: 63:18

All games in this series

Show
View Real Time Build Order
Export as new Build Order

RiSky Zerg - Winner!

Build Orders: Hatch First, Lurkers, Roach Hydra 

Get SALT Encoding   

  12  0:01  Drone  
  13  0:12  Overlord  
  13  0:16  Drone  
  14  0:30  Drone x2  
  16  0:47  Hatchery  
  15  0:50  Drone  
  15  0:53  Drone  
  17  0:57  Drone  
  18  1:08  Extractor  
  17  1:12  Spawning Pool  
  17  1:15  Drone  
  17  1:18  Drone  
  18  1:28  Drone  
  19  1:38  Drone  
  20  1:51  Overlord  
  20  1:59  Queen  
  20  2:00  Queen  
  25  2:01  Zergling x4  
  26  2:10  Drone x2  
  26  2:11  Metabolic Boost  
  28  2:20  Drone  
  28  2:22  Drone  
  30  2:31  Drone  
  30  2:32  Drone  
  32  2:44  Hatchery  
  32  2:45  Overlord  
  32  2:50  Queen  
  33  2:53  Zergling x2  
  33  2:57  Drone x2  
  36  3:06  Drone x2  
  36  3:12  Drone  
  39  3:16  Drone x3  
  42  3:20  Overlord  
  42  3:26  Queen  
  44  3:32  Overlord  
  44  3:39  Drone  
  44  3:40  Drone  
  44  3:41  Drone x2  
  48  3:43  Drone x2  
  48  3:46  Drone  
  51  3:54  Drone  
  52  3:59  Drone  
  52  4:00  Drone x3, Queen  
  58  4:03  Spore Crawler  
  58  4:04  Overlord  
  58  4:05  Queen  
  58  4:06  Spore Crawler  
  58  4:07  Spore Crawler  
  57  4:10  Zergling x2  
  57  4:16  Overlord  
  58  4:21  Lair  
  58  4:22  Overlord  
  58  4:25  Zergling x6  
  58  4:27  Zergling x4  
  58  4:30  Overlord  
  62  4:33  Drone x3  
  62  4:38  Drone x2  
  67  4:41  Drone  
  67  4:44  Roach Warren  
  66  4:47  Drone x4  
  66  4:50  Drone, Extractor  
  66  4:51  Evolution Chamber, Extractor  
  66  4:52  Drone  
  69  4:53  Drone  
  69  4:55  Drone x2  
  72  5:00  Drone  
  72  5:01  Drone x2  
  72  5:06  Drone  
  76  5:07  Extractor  
  76  5:09  Extractor  
  76  5:10  Drone  
  76  5:12  Overlord  
  76  5:14  Drone x2  
  76  5:18  Drone, Zerg Missile Weapons Level 1  
  78  5:22  Drone x3  
  81  5:30  Hatchery, Overlord  
  80  5:39  Overlord  
  80  5:42  Roach x2  
  88  5:43  Roach x2  
  88  5:51  Roach x4  
  96  5:58  Roach x3  
  96  5:59  Roach x2  
  96  6:00  Overseer  
  105  6:13  Hydralisk Den, Queen  
  105  6:16  Extractor, Overlord  
  105  6:20  Drone  
  105  6:21  Glial Reconstitution  
  105  6:24  Overlord  
  106  6:32  Overlord  
  106  6:34  Queen, Overlord x3  
  109  6:40  Hatchery  
  109  6:43  Hatchery  
  109  6:45  Drone  
  109  6:46  Drone x5, Muscular Augments  
  112  6:49  Drone  
  112  6:51  Drone x3  
  116  6:58  Drone x3  
  116  6:59  Drone  
  120  7:03  Drone x3  
  120  7:07  Queen  
  125  7:11  Drone  
  125  7:12  Queen  
  128  7:20  Queen  
  130  7:24  Drone  
  125  7:32  Hydralisk x6  
  125  7:34  Drone  
  125  7:35  Drone, Overseer  
  139  7:40  Drone x3  
  139  7:43  Zerg Missile Weapons Level 2, Queen  
  144  7:45  Drone  
  145  7:52  Drone x2  
  145  7:53  Drone x3  
  149  8:00  Grooved Spines  
  149  8:02  Lurker Den  
  149  8:03  Hydralisk x3  
  149  8:04  Infestation Pit  
  153  8:07  Unknown  
  153  8:09  Hydralisk x2  
  156  8:14  Spore Crawler  
  156  8:18  Hydralisk  
  157  8:23  Overlord x6  
  157  8:26  Extractor x2  
  155  8:28  Spore Crawler  
  155  8:32  Overlord  
  154  8:41  Hive  
  151  8:49  Drone x3  
  151  8:50  Drone x2  
  151  8:53  Hydralisk x11  
  177  9:04  Lurker x9  
  184  9:19  Evolution Chamber, Spine Crawler  
  184  9:20  Lurker x3, Spine Crawler  
  184  9:21  Spine Crawler  
  182  9:26  Zergling x20  
  182  9:27  Zergling x2  
  192  9:32  Hydralisk x3  
  192  9:36  Drone  
  192  9:37  Spine Crawler  
  198  9:39  Spine Crawler  
  198  9:40  Spine Crawler  
  198  9:42  Drone x4  
  198  9:44  Drone  
  198  9:46  Drone  
  199  9:52  Zerg Ground Armor Level 1  
  199  9:55  Seismic Spines  
  199  10:02  Hydralisk  
  189  10:17  Hydralisk x9  
  192  10:24  Spore Crawler  
  169  10:30  Hydralisk x8  
  183  10:38  Hydralisk x2  
  183  10:39  Hydralisk  
  185  10:48  Drone x2  
  182  10:52  Drone, Extractor, Adaptive Talons  
  182  10:55  Lurker x4  
  182  10:56  Lurker x2  
  183  11:04  Drone x2  
  183  11:05  Drone  
  183  11:06  Queen  
  183  11:09  Lurker x3  
  191  11:13  Spore Crawler  
  191  11:17  Drone  
  191  11:24  Drone  
  191  11:25  Hatchery  
  191  11:32  Lurker x2  
  181  11:49  Hydralisk  
  181  11:50  Hydralisk  
  168  11:59  Zerg Missile Weapons Level 3  
  168  12:01  Drone x3  
  170  12:03  Drone x7  
  170  12:04  Drone x2  
  158  12:10  Hydralisk  
  158  12:14  Hydralisk x4  
  158  12:15  Hatchery  
  165  12:20  Drone  
  162  12:26  Drone x2  
  162  12:27  Drone  
  162  12:28  Drone  
  166  12:31  Drone, Spire  
  167  12:37  Drone x3  
  167  12:38  Lurker x2  
  167  12:40  Drone x3  
  174  12:44  Drone x2, Overseer  
  174  12:49  Drone x3  
  169  12:53  Drone  
  169  12:56  Drone  
  171  13:00  Drone  
  172  13:06  Drone  
  173  13:16  Drone x4, Spire  
  173  13:18  Hydralisk  
  173  13:19  Hydralisk x7  
  183  13:24  Extractor x2  
  172  13:31  Viper x4  
  172  13:32  Spore Crawler x2  
  182  13:35  Zerg Ground Armor Level 2  
  182  13:38  Lurker x2  
  184  13:47  Hydralisk  
  198  13:54  Drone  
  198  13:55  Drone x9  
  196  13:57  Zerg Flyer Weapons Level 1  
  196  14:10  Drone x4  
  196  14:12  Spore Crawler, Spine Crawler  
  196  14:13  Spore Crawler  
  197  14:21  Spine Crawler  
  196  14:24  Corruptor  
  196  14:25  Corruptor  
  200  14:32  Spore Crawler x2  
  200  14:33  Zerg Flyer Armor Level 1  
  200  14:34  Adrenal Glands  
  200  14:35  Spore Crawler x2  
  200  14:36  Drone x4, Spore Crawler  
  193  14:50  Corruptor x3  
  199  14:53  Zerg Melee Weapons Level 1, Overseer  
  199  14:54  Pneumatized Carapace  
  199  14:55  Overseer x3  
  199  15:23  Extractor  
  199  15:24  Extractor  
  197  15:32  Hatchery  
  197  15:33  Corruptor x2  
  197  15:34  Corruptor x2  
  191  15:41  Corruptor x2  
  195  15:54  Lurker x2  
  197  16:01  Hatchery  
  196  16:15  Hydralisk x2  
  196  16:16  Spore Crawler  
  196  16:17  Spore Crawler x2  
  197  16:20  Overseer  
  187  16:36  Corruptor x6  
  194  16:59  Drone x2  
  194  17:00  Drone x8  
  198  17:06  Corruptor  
  200  17:12  Overseer x2  
  195  17:24  Zergling x6  
  195  17:25  Zergling x4  
  200  17:33  Spore Crawler x2  
  200  17:34  Spore Crawler x3  
  183  17:46  Hydralisk x7  
  183  17:47  Hydralisk  
  199  17:51  Spine Crawler  
  199  17:54  Lurker  
  199  17:55  Lurker  
  199  17:57  Lurker x4, Zerg Flyer Weapons Level 2, Zerg Flyer Armor Level 2  
  199  17:58  Zerg Melee Weapons Level 2, Zerg Ground Armor Level 3  
  197  18:22  Baneling Nest  
  197  18:23  Lurker x3  
  182  18:57  Hydralisk x7  
  182  18:58  Hydralisk x2  
  189  19:23  Spore Crawler x2  
  187  19:24  Spore Crawler x2  
  187  19:27  Lurker x8  
  187  19:28  Zergling x2  
  187  19:29  Zergling x12  
  200  19:41  Spore Crawler  
  200  19:42  Spore Crawler  
  200  19:44  Drone x2  
  200  19:56  Spine Crawler x2  
  200  19:57  Extractor  
  200  19:58  Spore Crawler  
  196  20:00  Extractor  
  196  20:05  Baneling x6, Hatchery  
  194  20:07  Corruptor x2  
  194  20:08  Corruptor  
  197  20:26  Zerg Flyer Weapons Level 3, Zerg Flyer Armor Level 3  
  196  20:29  Centrifical Hooks  
  196  20:41  Corruptor x2  
  197  21:05  Spore Crawler  
  197  21:06  Spore Crawler x3  
  197  21:08  Corruptor x3  
  197  21:10  Spore Crawler  
  198  21:11  Spore Crawler  
  198  21:12  Spore Crawler x2  
  181  21:36  Viper x3  
  184  21:49  Spore Crawler  
  184  21:50  Spore Crawler  
  184  21:51  Spore Crawler x2  
  184  21:53  Spore Crawler  
  179  22:02  Overlord  
  179  22:03  Overlord x5  
  179  22:07  Corruptor x6  
  187  22:39  Zergling x20  
  187  22:43  Corruptor x3  
  200  22:50  Spore Crawler x2  
  198  22:51  Spore Crawler x2  
  198  22:52  Spore Crawler  
  195  23:04  Zerg Melee Weapons Level 3  
  178  23:44  Hydralisk x5  
  187  23:52  Corruptor x5  
  193  23:56  Overseer  
  184  24:07  Zergling x2  
  184  24:08  Zergling x30  
  200  24:14  Overseer  
  200  24:15  Spine Crawler x2  
  190  24:42  Spine Crawler x2  
  183  25:14  Hatchery  
  182  25:16  Spine Crawler x2  
  180  25:37  Overseer x3  
  179  26:08  Zergling x2  
  179  26:09  Zergling x40  
  181  26:59  Extractor  
  181  27:00  Spine Crawler  
  179  27:01  Extractor  
  179  27:02  Spore Crawler, Spine Crawler x2  
  179  27:05  Spine Crawler  
  145  27:24  Viper x2  
  143  27:48  Hydralisk x10  
  157  27:56  Corruptor x15  
  184  28:17  Lurker x4  
  184  28:18  Lurker x6  
  191  28:40  Zergling x4  
  191  28:41  Zergling x14  
  199  28:53  Zergling x2  
  191  30:00  Drone x10  
  200  30:07  Spore Crawler  
  199  30:17  Spore Crawler  
  199  30:18  Spore Crawler x2  
  199  30:20  Spore Crawler  
  194  30:29  Spine Crawler  
  194  30:30  Spine Crawler  
  188  30:44  Hydralisk  
  188  30:45  Hydralisk x3  
  196  31:00  Spine Crawler  
  196  31:02  Spine Crawler  
  192  31:13  Zergling x18  
  188  31:29  Overseer x2  
  188  31:32  Zergling x20  
  193  31:40  Queen x2  
  193  31:53  Overseer  
  192  32:02  Greater Spire  
  184  32:30  Viper x5  
  193  32:46  Overseer  
  193  32:47  Overseer  
  193  32:53  Overlord x2  
  193  32:54  Overlord x2  
  188  33:13  Spore Crawler x2  
  188  33:14  Spore Crawler  
  178  33:34  Corruptor x11  
  188  33:58  Hydralisk x6  
  200  34:08  Overseer x2  
  200  34:22  Overseer  
  190  34:25  Hydralisk x6  
  185  34:50  Zergling x22  
  190  34:59  Overseer  
  182  35:13  Lair  
  171  35:32  Overlord x5  
  171  35:35  Drone  
  172  35:45  Spore Crawler x3  
  164  35:51  Corruptor x2  
  164  35:52  Corruptor x4  
  173  35:59  Spore Crawler  
  172  36:10  Hatchery  
  171  36:15  Hatchery  
  171  36:18  Zergling x30  
  171  36:19  Zergling x6  
  183  37:04  Drone x8  
  191  37:10  Hydralisk x3  
  191  37:11  Hydralisk  
  184  37:32  Corruptor x2  
  187  37:53  Zergling x2  
  187  37:54  Zergling x24  
  198  38:28  Lurker x2  
  200  38:38  Extractor  
  200  38:40  Extractor  
  198  38:42  Lurker x2  
  190  39:05  Zergling x22  
  197  39:12  Spore Crawler x2  
  192  39:20  Zergling x22  
  181  39:33  Zergling x24  
  181  39:36  Corruptor x3  
  162  39:47  Zergling x16  
  169  39:57  Infestation Pit, Zergling x6  
  169  39:58  Zergling x10  
  175  40:06  Zergling x14  
  175  40:07  Zergling x2  
  174  40:32  Corruptor x7  
  179  40:44  Corruptor  
  176  40:52  Zergling x2  
  176  40:53  Zergling x24  
  155  42:19  Zergling x16  
  163  42:39  Hive  
  154  43:09  Pathogen Glands  
  154  43:11  Infestor x3  
  160  43:32  Drone x2  
  160  43:33  Drone  
  163  43:37  Infestor  
  165  43:42  Burrow  
  164  44:26  Spore Crawler x3  
  164  44:27  Spore Crawler  
  164  44:28  Spore Crawler x2  
  157  44:51  Overseer  
  157  45:00  Infestor x2  
  161  45:11  Overseer x2  
  161  45:29  Drone x2  
  161  45:30  Drone  
  161  45:33  Spore Crawler x3  
  161  45:35  Spore Crawler x2  
  160  45:37  Spore Crawler x3  
  156  45:50  Viper  
  159  46:19  Drone x3  
  162  46:37  Viper  
  164  47:13  Viper  
  167  48:12  Spore Crawler  
  166  48:13  Spore Crawler  
  166  48:14  Spore Crawler  
  166  48:17  Spore Crawler x2  
  166  48:18  Spore Crawler  
  166  48:19  Spore Crawler  
  178  48:20  Spore Crawler x2  
  158  48:27  Infestor x3  
  164  48:53  Corruptor  
  164  48:54  Corruptor  
  168  48:56  Drone x3  
  171  49:47  Corruptor x3  
  177  49:57  Infestor  
  177  49:58  Infestor  
  177  50:10  Overseer  
  177  50:15  Zergling x12  
  177  50:16  Zergling x14  
  190  50:24  Infestor x9  
  186  50:53  Infestor x2  
  186  50:54  Infestor x7  
  180  52:36  Zergling x2  
  180  52:37  Zergling x18  
  175  52:41  Infestor  
  174  53:49  Infestor x8  
  170  54:36  Ultralisk Cavern  
  169  55:27  Chitinous Plating  
  169  55:34  Ultralisk  
  175  55:40  Zergling x34  
  192  56:46  Anabolic Synthesis  
  192  56:48  Zergling x2  
  192  56:49  Zergling x14  
  146  57:39  Zergling x36  
Show
View Real Time Build Order
Export as new Build Order

TeebuL Protoss 

Build Orders: 1 Gate Expand, Oracle Opening, Carriers 

Get SALT Encoding   

  12  0:00  Probe  
  13  0:12  Probe  
  14  0:20  Pylon  
  14  0:24  Probe  
  15  0:38  Probe (Chrono Boost)  
  15  0:41  Gateway  
  16  0:49  Probe (Chrono Boost)  
  17  0:50  Assimilator  
  17  0:54  Probe (Chrono Boost)  
  18  1:04  Probe  
  19  1:16  Probe  
  20  1:28  Nexus  
  20  1:35  Cybernetics Core  
  20  1:38  Probe  
  21  1:44  Assimilator  
  21  1:52  Pylon, Probe  
  22  2:05  Probe (Chrono Boost)  
  23  2:08  Adept (Chrono Boost)  
  23  2:13  Warp Gate  
  25  2:17  Probe (Chrono Boost)  
  26  2:24  Probe (Chrono Boost)  
  27  2:31  Adept, Probe (Chrono Boost)  
  27  2:36  Stargate  
  30  2:43  Probe (Chrono Boost)  
  32  2:46  Probe (Chrono Boost)  
  32  2:51  Probe (Chrono Boost)  
  33  2:54  Probe (Chrono Boost)  
  33  2:55  Gateway  
  33  2:57  Probe  
  34  3:04  Probe  
  36  3:09  Probe  
  36  3:10  Void Ray (Chrono Boost)  
  37  3:16  Probe  
  42  3:21  Probe  
  42  3:24  Pylon  
  43  3:29  Probe  
  43  3:31  Pylon  
  43  3:34  Probe  
  45  3:41  Probe  
  46  3:43  Oracle (Chrono Boost)  
  46  3:46  Probe  
  50  3:53  Probe  
  50  3:55  Assimilator  
  51  3:57  Assimilator  
  51  4:00  Probe  
  52  4:05  Adept x2  
  52  4:08  Probe  
  57  4:14  Nexus  
  57  4:17  Pylon  
  57  4:18  Probe  
  58  4:28  Probe  
  58  4:30  Probe  
  60  4:36  Void Ray (Chrono Boost)  
  60  4:38  Pylon  
  60  4:40  Probe  
  60  4:42  Stargate  
  60  4:43  Probe  
  66  4:49  Protoss Air Weapons Level 1  
  66  4:52  Pylon, Probe  
  67  4:54  Pylon  
  67  4:55  Probe  
  67  4:58  Shield Battery  
  68  5:04  Probe  
  70  5:07  Probe  
  70  5:10  Void Ray (Chrono Boost)  
  70  5:16  Probe  
  70  5:18  Void Ray (Chrono Boost)  
  70  5:19  Probe  
  76  5:22  Shield Battery  
  76  5:28  Probe x2  
  81  5:31  Probe  
  81  5:33  Assimilator  
  83  5:37  Assimilator  
  83  5:40  Probe x2, Void Ray (Chrono Boost)  
  85  5:43  Probe  
  90  5:52  Probe  
  90  5:53  Probe  
  90  5:55  Probe  
  93  5:59  Void Ray (Chrono Boost)  
  93  6:03  Twilight Council  
  97  6:04  Forge, Probe  
  97  6:05  Probe  
  97  6:06  Pylon  
  97  6:07  Probe  
  100  6:12  Pylon, Void Ray (Chrono Boost)  
  100  6:16  Probe  
  100  6:17  Probe  
  106  6:19  Probe  
  110  6:33  Gateway  
  110  6:34  Charge (Chrono Boost)  
  110  6:35  Gateway  
  110  6:38  Gateway  
  107  6:40  Protoss Ground Weapons Level 1 (Chrono Boost)  
  107  6:46  Gateway  
  107  6:47  Gateway  
  107  6:49  Gateway  
  107  6:51  Templar Archives  
  105  6:55  Void Ray  
  109  7:04  Robotics Facility  
  109  7:06  Pylon  
  109  7:22  Zealot x2  
  101  7:35  Psionic Storm, Zealot x3  
  107  7:41  Gateway  
  107  7:42  Gateway  
  107  7:45  Pylon  
  107  7:48  Pylon  
  107  7:50  Pylon  
  107  7:55  High Templar x3  
  107  7:57  Observer (Chrono Boost)  
  114  8:07  High Templar x3, Photon Cannon  
  114  8:08  Photon Cannon, Zealot x2  
  114  8:10  Warp Prism (Chrono Boost)  
  126  8:20  Nexus  
  126  8:22  Pylon  
  122  8:43  High Templar x3, Zealot x3  
  122  8:44  Zealot x4, Immortal (Chrono Boost)  
  122  8:47  Archon  
  146  8:56  Photon Cannon  
  146  8:57  Photon Cannon  
  146  8:59  Photon Cannon  
  146  9:00  Photon Cannon, Protoss Ground Weapons Level 2 (Chrono Boost)  
  146  9:02  Shield Battery  
  146  9:03  Pylon x2, Shield Battery  
  142  9:10  Pylon  
  142  9:13  High Templar  
  142  9:16  Probe x2, Immortal (Chrono Boost)  
  150  9:18  Assimilator  
  150  9:21  Assimilator, Probe  
  151  9:26  Zealot x4  
  159  9:32  Probe x3  
  162  9:41  Probe  
  162  9:43  Fleet Beacon  
  159  9:46  Zealot x4  
  159  9:48  Zealot x2  
  159  9:49  Zealot x2  
  159  9:50  Stalker  
  159  9:51  High Templar  
  165  10:07  Photon Cannon  
  165  10:10  Zealot  
  165  10:11  Zealot x6  
  167  10:23  Zealot x2  
  155  10:32  Zealot x8  
  143  10:46  Carrier x2 (Chrono Boost)  
  143  10:47  High Templar x2  
  143  10:53  High Templar x2  
  143  10:54  Zealot  
  149  10:59  Photon Cannon, Protoss Air Weapons Level 2 (Chrono Boost)  
  149  11:02  Archon  
  149  11:06  Observer  
  149  11:08  High Templar x2  
  154  11:12  Zealot x2  
  158  11:18  Archon  
  158  11:21  Probe x4  
  162  11:33  Zealot x4  
  168  11:44  Zealot x3  
  154  11:58  Carrier x2 (Chrono Boost)  
  158  12:02  Zealot x6  
  174  12:15  Nexus  
  166  12:17  Pylon  
  166  12:20  High Templar x3, Protoss Shields Level 1 (Chrono Boost)  
  166  12:22  High Templar  
  172  12:24  High Templar x2  
  172  12:25  Zealot x3  
  172  12:26  Archon x2  
  182  12:38  Photon Cannon  
  182  12:39  Photon Cannon, Probe x3  
  182  12:40  Probe  
  184  12:51  Zealot x3, Probe x3  
  184  12:52  Probe  
  184  12:55  Carrier  
  194  13:07  Carrier  
  196  13:22  Pylon  
  196  13:23  Pylon  
  194  13:32  High Templar x2  
  194  13:33  Zealot x2  
  200  13:44  Photon Cannon  
  200  13:45  Photon Cannon  
  200  13:47  Photon Cannon  
  200  13:55  Observer  
  197  14:00  High Templar  
  199  14:07  Stargate  
  199  14:08  Stargate  
  199  14:10  Assimilator x2  
  199  14:12  Dark Shrine  
  199  14:13  Photon Cannon, Pylon  
  199  14:18  Protoss Air Weapons Level 3 (Chrono Boost)  
  199  14:19  Photon Cannon  
  199  14:20  Photon Cannon  
  199  14:21  Probe  
  200  14:43  Photon Cannon x2  
  200  14:45  Photon Cannon  
  198  14:50  Photon Cannon x2  
  198  14:52  High Templar  
  198  14:53  Photon Cannon  
  200  15:14  Protoss Ground Weapons Level 3 (Chrono Boost)  
  200  15:23  Cybernetics Core  
  200  15:34  Nexus  
  195  15:37  Pylon, Zealot x2  
  196  15:47  Observer (Chrono Boost)  
  196  15:48  Oracle  
  200  15:52  Photon Cannon  
  200  15:53  Photon Cannon  
  199  16:20  Nexus  
  199  16:21  Pylon  
  199  16:25  Protoss Air Armor Level 1 (Chrono Boost)  
  193  16:32  Dark Templar  
  193  16:33  Dark Templar x2  
  199  16:41  Photon Cannon  
  199  16:42  Photon Cannon x2  
  199  16:43  Photon Cannon  
  199  16:45  Shield Battery  
  199  16:46  Shield Battery  
  199  16:48  Unknown  
  199  16:50  Dark Templar x2  
  199  16:52  Photon Cannon  
  197  16:55  Dark Templar, Shield Battery  
  185  17:10  High Templar  
  187  17:17  Dark Templar x3  
  191  17:31  High Templar  
  189  17:44  Tempest  
  184  17:56  Dark Templar x5  
  194  18:02  Carrier  
  200  18:14  Photon Cannon  
  200  18:16  Photon Cannon  
  200  18:18  Zealot x2  
  200  18:19  Photon Cannon  
  200  18:20  Photon Cannon  
  194  18:51  Zealot x3  
  194  18:52  Zealot x3  
  187  19:01  Zealot  
  185  19:03  Carrier x2 (Chrono Boost)  
  184  19:10  Carrier (Chrono Boost)  
  184  19:11  Carrier (Chrono Boost)  
  189  19:21  Dark Templar  
  189  19:22  Assimilator, Dark Templar x2  
  195  19:25  Assimilator  
  195  19:26  Shadow Stride (Chrono Boost)  
  195  19:27  Protoss Shields Level 2 (Chrono Boost)  
  195  19:42  Protoss Air Armor Level 2 (Chrono Boost)  
  195  19:47  Nexus  
  195  19:49  Pylon  
  187  19:58  Void Ray (Chrono Boost)  
  185  20:01  High Templar x2  
  185  20:04  Tempest (Chrono Boost)  
  189  20:11  Observer  
  193  20:34  Warp Prism (Chrono Boost)  
  193  20:36  Photon Cannon  
  193  20:37  Photon Cannon  
  193  20:38  Photon Cannon  
  195  20:44  Photon Cannon  
  195  20:45  Photon Cannon  
  195  20:46  Pylon  
  195  20:50  High Templar  
  195  20:51  Photon Cannon  
  195  20:53  Photon Cannon  
  195  20:55  Assimilator  
  197  20:58  Assimilator  
  197  20:59  Photon Cannon  
  197  21:01  Photon Cannon  
  197  21:07  Dark Templar  
  197  21:08  Shield Battery  
  186  21:25  Tempest x2  
  184  21:39  Archon  
  178  21:48  Zealot x5  
  188  21:54  Carrier  
  194  22:02  Flux Vanes  
  194  22:06  Dark Templar  
  194  22:07  Dark Templar  
  198  22:09  Protoss Shields Level 3 (Chrono Boost)  
  186  22:31  Dark Templar x2  
  186  22:40  Nexus, Shield Battery  
  186  22:41  Pylon  
  186  22:44  Pylon, Shield Battery  
  184  22:48  Tempest x3  
  184  22:49  Pylon  
  199  22:57  Photon Cannon  
  199  22:58  Photon Cannon x4  
  199  22:59  Pylon  
  199  23:00  Pylon  
  199  23:02  Photon Cannon  
  197  23:13  Protoss Air Armor Level 3  
  197  23:15  Photon Cannon  
  197  23:16  High Templar  
  197  23:18  Photon Cannon  
  197  23:19  Photon Cannon  
  199  23:20  Photon Cannon x3  
  199  23:21  Photon Cannon, Shield Battery  
  199  23:23  Shield Battery  
  199  23:25  Pylon  
  199  23:33  Zealot x4  
  198  23:41  Oracle  
  194  23:53  Zealot x3  
  194  23:54  Zealot  
  193  24:10  High Templar x3  
  193  24:13  Photon Cannon  
  193  24:15  Photon Cannon  
  193  24:16  Photon Cannon x2  
  193  24:24  High Templar x3  
  193  24:28  Photon Cannon x3  
  193  24:29  Photon Cannon  
  193  24:30  Shield Battery  
  192  24:32  Zealot  
  192  24:33  Carrier x2 (Chrono Boost)  
  182  24:40  Carrier (Chrono Boost)  
  182  24:42  Carrier (Chrono Boost)  
  182  24:44  Dark Templar x3  
  172  24:59  High Templar x3  
  176  25:00  Photon Cannon  
  176  25:01  Photon Cannon  
  176  25:03  Zealot  
  168  25:24  High Templar x2  
  170  25:28  Carrier (Chrono Boost)  
  170  25:32  Dark Templar  
  178  25:36  Warp Prism  
  172  25:51  Tempest x3 (Chrono Boost)  
  172  25:54  Archon  
  187  26:00  Dark Templar x2  
  187  26:04  Zealot x4  
  196  26:39  Nexus  
  188  26:45  Zealot x6  
  194  26:59  Tempest  
  194  27:03  Zealot x3  
  194  27:06  Dark Templar  
  194  27:07  Dark Templar x4  
  177  27:19  Photon Cannon x2  
  177  27:22  Photon Cannon  
  177  27:24  Photon Cannon  
  173  27:41  Zealot x6  
  173  27:42  Zealot  
  175  28:07  Tempest  
  175  28:08  Tempest  
  170  28:21  Dark Templar x2, Zealot x2  
  170  28:22  Zealot x2  
  177  28:33  Dark Templar  
  179  28:46  Void Ray  
  179  28:47  Tempest  
  179  28:48  Tempest  
  183  28:50  Tempest  
  188  29:22  Unknown, Probe (Chrono Boost)  
  188  29:23  Void Ray  
  189  29:30  Zealot x3  
  200  29:32  Probe (Chrono Boost)  
  181  30:01  Zealot x7  
  195  30:22  Void Ray x2  
  200  30:41  Oracle  
  192  30:48  Pylon, Nexus  
  192  30:53  Zealot x4  
  188  31:31  Pylon  
  178  31:33  Void Ray  
  178  31:34  Void Ray x2  
  178  31:36  High Templar x2  
  188  31:46  Photon Cannon  
  190  31:47  Photon Cannon  
  190  31:49  Nexus  
  190  31:51  Photon Cannon  
  182  31:55  Zealot x2  
  182  31:56  Zealot x3  
  186  32:13  Observer  
  179  32:23  Pylon, Probe x3  
  180  32:33  Tempest  
  185  32:38  Void Ray x2  
  193  33:01  Photon Cannon  
  193  33:04  Probe x2  
  193  33:05  Probe x3  
  183  33:30  High Templar x3  
  183  33:34  Photon Cannon  
  189  33:35  Photon Cannon  
  188  33:43  Zealot  
  188  33:44  Zealot x2  
  182  34:03  Photon Cannon  
  182  34:05  Pylon, Shield Battery  
  182  34:06  Photon Cannon, Dark Templar x2  
  186  34:18  Gateway  
  186  34:19  Gateway  
  186  34:20  Assimilator  
  186  34:23  Assimilator, Gateway  
  184  34:24  Gateway  
  184  34:26  Void Ray  
  178  34:37  High Templar x3  
  182  34:42  Zealot x3  
  188  34:49  Dark Templar  
  188  34:52  Observer  
  181  35:06  Pylon  
  177  35:18  Nexus  
  177  35:19  Pylon, Void Ray  
  179  35:35  Photon Cannon  
  179  35:36  Photon Cannon  
  179  35:38  Shield Battery  
  179  35:39  Shield Battery  
  179  35:46  Zealot x4  
  179  35:47  Zealot  
  187  35:51  High Templar x2  
  185  36:03  High Templar  
  187  36:07  Zealot  
  187  36:08  Zealot x5  
  199  36:50  Zealot x2, Observer  
  199  37:03  Observer  
  151  37:41  Stalker x4  
  151  37:42  Zealot x5  
  169  38:06  Dark Templar x5  
  169  38:12  Zealot x4  
  163  38:33  Dark Templar  
  161  38:50  High Templar  
  161  38:53  High Templar  
  161  38:54  Zealot x5  
  165  39:09  Zealot  
  151  39:16  Zealot x4  
  151  39:17  Zealot x2  
  147  39:48  Dark Templar  
  145  40:08  High Templar, Zealot x7  
  138  40:25  Zealot x3  
  138  40:26  Zealot x2  
  142  40:50  Zealot x7  
  153  41:00  Cybernetics Core  
  119  41:26  Gateway  
  119  41:27  Gateway  
  119  41:29  Gateway  
  119  41:31  Gateway  
  119  42:21  Stargate  
  119  42:22  Pylon  
  119  42:23  Pylon  
  119  42:24  Pylon  
  119  42:30  Pylon  
  119  43:10  Pylon  
  119  43:11  Pylon  
  119  43:18  Pylon  
  119  43:20  Pylon  
  119  43:29  Oracle  
  122  43:38  Shield Battery  
  122  43:40  Shield Battery  
  122  43:42  Shield Battery  
  122  43:45  Shield Battery  
  122  43:48  Shield Battery  
  122  43:51  Shield Battery  
  122  43:57  Pylon  
  122  44:05  Pylon  
  122  44:09  Void Ray  
  126  44:19  Shield Battery  
  126  44:49  Void Ray  
  129  45:17  Zealot  
  131  45:28  Twilight Council  
  128  46:43  Templar Archives  
  127  46:55  Zealot  
  129  47:28  High Templar x3  
  135  48:17  Shield Battery  
  135  48:18  Shield Battery  
  135  49:02  High Templar x2  
  101  51:45  High Templar x3  
  105  52:32  Archon  
Tags
 
Add a new tag
Caveats
  • Supply blocks, unpowered buildings, or Contaminate may cause inaccurate times.
  • Supply counts are checked every 10 seconds.